 Dungeon Crawl Stone Soup version 0.19-a0-994-g3c636f0 (webtiles) character file.

4075 4thArraOfDagon the Grappler (level 10, -7/141 HPs)
             Began as a Troll Air Elementalist on July 17, 2016.
             Was an Elder of Uskayaw.
             Mangled by a wight
             ... wielding a cursed +0 flail
              (9 damage)
             ... on level 10 of the Dungeon.
             The game lasted 00:12:25 (2589 turns).

4thArraOfDagon the Grappler (TrAE)                  Turns: 2589, Time: 00:12:26

Health: -7/141     AC:  8    Str: 21    XL:     10   Next: 5%
Magic:  11/11      EV: 11    Int: 21    God:    Uskayaw [****..]
Gold:   228        SH:  0    Dex: 14    Spells: 2 memorised, 8 levels left

rFire  . . .     SeeInvis .       - Unarmed
rCold  . . .     Gourm    +     a - +0 robe
rNeg   . . .     Faith    .     (no shield)
rPois  +         Spirit   .     o - +2 hat
rElec  .         Dismiss  .     k - +1 cloak {MR+}
rCorr  .         Reflect  .     (gloves unavailable)
SustAt .         Harm     .     (boots unavailable)
MR     ++...                    e - amulet of rage
Stlth  ..........               s - ring of Tender Moments {rPois Dex+4}
                                j - ring of protection from magic

@: brilliant, berserking, drained, very quick, very resistant to hostile
enchantments, extremely unstealthy
A: unfitting armour, antennae 1, claws 3, clever 1, deformed body, fast
metabolism 3, gourmand, low mp 1, regeneration 2, shaggy fur 1, tough skin 2,
weak 1
a: Stomp, Line Pass, Renounce Religion, Evoke Berserk Rage


You were on level 10 of the Dungeon.
You worshipped Uskayaw.
Uskayaw was noncommittal.
You were full.

You visited 1 branch of the dungeon, and saw 11 of its levels.
You also visited: Sewer.

You collected 228 gold pieces.

Inventory:

Hand Weapons
 A - a +0 giant spiked club
 M - a +0 blowgun
Armour
 a - a +0 robe (worn)
 k - a +1 cloak of magic resistance (worn)
 o - a +2 hat (worn)
 H - a +0 cloak of magic resistance
Jewellery
 e - an amulet of rage (around neck)
 j - a ring of protection from magic (left claw)
 s - the ring of Tender Moments (right claw) {rPois Dex+4}
   (You found it on level 5 of the Dungeon)

   [ring of poison resistance]

   It affects your dexterity (+4).
   It protects you from poison.
Wands
 f - a wand of iceblast (5/15)
 B - a wand of flame (0/48)
 C - a wand of confusion (19/48)
 D - a wand of flame (24/48)
 F - a wand of digging (1/24)
 G - a wand of lightning (7/15)
 J - a wand of paralysis (7/24)
 K - a wand of iceblast (8/15)
 L - a wand of iceblast (7/15)
 O - a wand of digging (10/24)
Scrolls
 g - 2 scrolls of enchant weapon {unknown}
 h - a scroll of noise {unknown}
 i - 3 scrolls of blinking
 l - 2 scrolls of recharging {unknown}
 n - 3 scrolls of fog {unknown}
 q - a scroll of immolation {unknown}
 u - a scroll of fear {unknown}
 y - 2 scrolls of remove curse {unknown}
 E - a scroll of acquirement {unknown}
Potions
 m - a potion of degeneration {unknown}
 p - a potion of haste {unknown}
 r - a potion of ambrosia {unknown}
 t - 2 potions of brilliance
 v - 2 potions of flight {unknown}
 w - 4 potions of curing {unknown}
 x - a potion of agility {unknown}
 I - a potion of beneficial mutation {unknown}
 N - a potion of heal wounds {unknown}
Books
 b - a book of Air

   Spells                             Type                      Level
   a - Shock                          Conjuration/Air              1
   b - Swiftness                      Charms/Air                   2
   c - Repel Missiles                 Charms/Air                   2
   d - Static Discharge               Conjuration/Air              3
   e - Lightning Bolt                 Conjuration/Air              5
Comestibles
 c - 4 bread rations
 d - a beef jerky
 z - 2 meat rations


   Skills:
 + Level 4.5(3.7) Fighting
 + Level 4.4(3.7) Dodging
 - Level 1.1(0.4) Stealth
 * Level 9.5(8.7) Unarmed Combat
 - Level 1.2(0.5) Spellcasting
 - Level 0.6(0.0) Conjurations
 - Level 2.0(1.3) Air Magic
 + Level 4.6(3.9) Invocations
 - Level 4.2(3.5) Evocations


You had 8 spell levels left.
You knew the following spells:

 Your Spells              Type           Power        Failure   Level  Hunger
a - Shock                 Conj/Air       ###.         1%          1    ##.....
b - Passwall              Tmut/Erth      ##........   3%          2    ###....


Dungeon Overview and Level Annotations

Branches:
Dungeon (11/15)
 Temple: D:4-7         Lair: D:8-11         Orc: D:9-12

Altars:
Kikubaaqudgha
Nemelex Xobeh
Pakellas
Trog
Uskayaw
Zin


Innate Abilities, Weirdness & Mutations

You are too large for most types of armour.
You have claws for hands.
Your metabolism is lightning-fast.
You like to eat raw meat.
You heal very quickly.
You are covered in fur. (AC +1)
You have very tough skin. (AC +2)
You have a pair of small antennae on your head.
Your mind is acute. (Int +2)
Armour fits poorly on your strangely shaped body.
Your magical capacity is low. (-10% MP)
You are weak. (Str -2)


Message History

Unknown command.
You claw the wight!
You destroy the wight!
The wight hits you with a flail!
* * * LOW HITPOINT WARNING * * *
Okay, then.
A red film seems to cover your vision as you go berserk!
You feel yourself moving faster!
You feel mighty!
Unknown command.
You barely miss the wight. The wight hits you with a flail.
* * * LOW HITPOINT WARNING * * *
You feel drained.
* * * LOW HITPOINT WARNING * * *
Unknown command.
You claw the wight!
The wight is almost destroyed.
You barely miss the wight.
The wight is almost destroyed.
The wight hits you with a flail!
You die...

#..######## ## #..#
#.# #..# #.# #..#
#.# #z.# #.# #..#
####. #.#
#zz#####.....
#.##z.........#
#@#{z........#
##z#{....#####
#.##...^.# #.#
#.....# #.# #.#
#.....# #.# #.#
#.....# #.### #.#
###.....# #.#.. #.#
.........#####....
##
.........).........


You could see a wight.

Vanquished Creatures
  Maurice (D:9)
  A centaur skeleton (D:11)
  A two-headed ogre (D:10)
  Sigmund (D:5)
  2 wraiths (D:11)
  Grum (D:10)
  A hippogriff (D:10)
  An orc warrior (D:10)
  4 sky beasts
  A black bear (D:9)
  An ogre (D:6)
  A crocodile (D:10)
  4 wolves (D:10)
  A centaur (D:5)
  2 big kobolds
  A giant frog (D:6)
  A wyvern skeleton (D:7)
  A water moccasin skeleton (D:9)
  2 killer bees (D:10)
  A howler monkey (D:5)
  4 wights
  2 crimson imps
  A wasp zombie (D:5)
  3 hounds
  3 orc priests
  3 orc wizards
  2 giant frog skeletons
  4 iguanas
  Jessica (D:3)
  5 worker ants
  A killer bee zombie (D:9)
  A howler monkey zombie (D:5)
  4 adders
  3 river rats (Sewer)
  An ooze (D:3)
  An adder skeleton (D:7)
  A worm (D:4)
  A dart slug (D:3)
  18 orcs
  2 giant cockroaches
  4 goblins
  5 hobgoblins
  2 jackals (Sewer)
  A quokka (D:2)
  A bat (D:3)
  A giant newt (D:4)
  A jackal skeleton (D:4)
  A jackal zombie (D:6)
  15 kobolds
  4 rats
125 creatures vanquished.

Notes
Turn   | Place    | Note
-------+----------+-------------------------------------------
     0 | D:1      | 4thArraOfDagon the Troll Air Elementalist began the quest for the Orb.
     0 | D:1      | Reached XP level 1. HP: 16/16 MP: 1/1
    48 | D:1      | Reached skill level 1 in Unarmed Combat
    93 | D:1      | Reached XP level 2. HP: 24/24 MP: 2/2
   134 | D:2      | Reached skill level 2 in Unarmed Combat
   187 | D:2      | Reached XP level 3. HP: 26/31 MP: 3/3
   375 | D:3      | Reached skill level 1 in Evocations
   461 | D:3      | Noticed Jessica
   474 | D:3      | Killed Jessica
   474 | D:3      | Reached skill level 3 in Unarmed Combat
   474 | D:3      | Reached XP level 4. HP: 36/39 MP: 4/4
   663 | D:5      | Entered Level 5 of the Dungeon
   676 | D:5      | Noticed Sigmund
   682 | D:5      | Killed Sigmund
   682 | D:5      | Reached skill level 4 in Unarmed Combat
   682 | D:5      | Reached XP level 5. HP: 45/45 MP: 5/5
   682 | D:5      | Reached XP level 6. HP: 53/53 MP: 6/6
   688 | D:5      | Reached skill level 5 in Unarmed Combat
   728 | D:5      | Got a clouded gossamer ring
   729 | D:5      | Identified the ring of Tender Moments {rPois Dex+4} (You found it on level 5 of the Dungeon)
   811 | D:5      | Found a hide-covered altar of Uskayaw.
   815 | D:5      | Found a sparkling altar of Nemelex Xobeh.
   818 | D:5      | Found a glowing silver altar of Zin.
   820 | D:5      | meh
   830 | D:5      | Became a worshipper of Uskayaw the Reveler
   868 | D:5      | Reached * piety under Uskayaw
   906 | D:5      | Reached ** piety under Uskayaw
   913 | D:5      | Reached *** piety under Uskayaw
   915 | D:5      | Reached XP level 7. HP: 43/61 MP: 8/8
   943 | D:5      | Reached skill level 1 in Invocations
   965 | D:5      | Reached skill level 6 in Unarmed Combat
   991 | D:5      | Reached skill level 1 in Fighting
  1074 | D:6      | Found a glowing drain.
  1089 | Sewer    | Entered a sewer
  1163 | Sewer    | Found a glowing silver altar of Zin.
  1293 | D:6      | Learned a level 2 spell: Passwall
  1392 | D:6      | Reached XP level 8. HP: 64/71 MP: 9/9
  1514 | D:7      | Found a bloodstained altar of Trog.
  1514 | D:7      | Found an ancient bone altar of Kikubaaqudgha.
  1528 | D:7      | Found an oddly glowing altar of Pakellas.
  1744 | D:9      | Reached skill level 7 in Unarmed Combat
  1905 | D:9      | Noticed Maurice
  1936 | D:9      | Killed Maurice
  1991 | D:9      | Reached XP level 9. HP: 74/81 MP: 11/11
  2060 | D:10     | Entered Level 10 of the Dungeon
  2065 | D:10     | Noticed Grum
  2077 | D:10     | Reached skill level 8 in Unarmed Combat
  2083 | D:10     | Reached **** piety under Uskayaw
  2091 | D:10     | Reached ***** piety under Uskayaw
  2218 | D:10     | Gained mutation: Your mind is acute. (Int +2) [mutagenic meat]
  2221 | D:10     | Gained mutation: Armour fits poorly on your strangely shaped body. [mutagenic meat]
  2224 | D:10     | Gained mutation: You have a pair of small antennae on your head. [mutagenic meat]
  2227 | D:10     | Gained mutation: Your magical capacity is low. (-10% MP) [mutagenic meat]
  2230 | D:10     | Gained mutation: You are weak. (Str -2) [mutagenic meat]
  2311 | D:11     | Reached skill level 9 in Unarmed Combat
  2394 | D:11     | Noticed a queen bee
  2401 | D:11     | Noticed a death knight
  2562 | D:10     | Killed Grum
  2562 | D:10     | Reached XP level 10. HP: 41/94 MP: 11/11
  2585 | D:10     | HP: 3/94 [wight/flail (10)]
  2587 | D:10     | HP: 1/141 [wight/flail (1)]
  2589 | D:10     | Mangled by a wight

Vault maps used:
D:1:      scummos_arrival_gate
D:2:      first_bread, uniq_robin, uniq_crazy_yiuf_cottage
D:3:      uniq_jessica
D:4:      kennysheep_windowed_goal
D:5:      minmay_overflow_temple_star_quad, uniq_edmund, uniq_sigmund
D:6:      portal_sewer_entry_d, hangedman_decor_growths
D:7:      grunt_temple_overflow_open, johnstein_pakellas_death_squad
D:8:      erik_lair_orcish_takeover, uniq_joseph
D:9:      uniq_maurice
D:10:     kennysheep_orc_monster_closet_entryway, uniq_harold, uniq_grum
D:11:     special_room, grunt_ogre_cave, uniq_urug
Sewer:    sewer_kobolds

Skill      XL: |  1  2  3  4  5  6  7  8  9 |
---------------+----------------------------+-----
Unarmed Combat | 1 2 3 4 5 6 7 9 |  9.5
Evocations     | 1 2 3 4 |  4.2
Invocations    | 1 3 4 |  4.6
Dodging        | 2 3 4 |  4.4
Fighting       | 1 3 4 |  4.5
Stealth        | |  1.1
Spellcasting   | |  1.2
Conjurations   | |  0.6
Air Magic      | |  2.0

Action                   |  1- 3 |  4- 6 |  7- 9 | 10-12 || total
-------------------------+-------+-------+-------+-------++-------
Melee: Unarmed           |    84 |    90 |   331 |    24 ||   529
       Punch             |       |     1 |    14 |       ||    15
 Abil: Evoke Berserk Rag |     1 |     1 |       |     1 ||     3
Evoke: Wand              |       |       |     5 |       ||     5
  Use: Potion            |     1 |       |       |     1 ||     2
       Scroll            |       |     1 |     4 |       ||     5
 Stab: Invisible         |     1 |       |       |       ||     1
       Sleeping          |     1 |     1 |     3 |       ||     5
       Distracted        |     1 |       |       |       ||     1
       Paralysed         |       |     1 |    16 |       ||    17
       Confused          |       |       |     1 |       ||     1
  Eat: Chunk             |     6 |     6 |    21 |       ||    33
       Pizza             |     1 |       |       |       ||     1
Armor: Robe              |    26 |    34 |   108 |     1 ||   169
Dodge: Dodged            |    43 |    43 |   183 |    10 ||   279
